 Dungeon Crawl Stone Soup version 0.24.0-1-gfbc8707122 (webtiles) character file.

Game seed: 12042969681504341917, levelgen mode: deterministic

10041 DildoBatman the Black Sun (level 11, -1/69 HPs)
             Began as a Formicid Wizard on Oct 28, 2019.
             Was a High Priest of Kikubaaqudgha.
             Slain by Snorg (13 damage)
             ... on level 11 of the Dungeon.
             The game lasted 00:56:09 (12193 turns).

DildoBatman the Black Sun (Formicid Wizard)        Turns: 12193, Time: 00:56:10

Health: -1/69      AC:  8    Str: 15    XL:     11   Next: 85%
Magic:  15/21      EV: 14    Int: 26    God:    Kikubaaqudgha [*****.]
Gold:   124        SH: 11    Dex: 13    Spells: 2/24 levels left

rFire    . . .     SeeInvis +   a - +4 falchion
rCold    . . .     Gourm    .   P - +0 buckler
rNeg     . . .     Faith    .   H - +4 robe of Augmentation {Str+4 Int+4 Dex+4}
rPois    .         Spirit   .   (helmet unavailable)
rElec    +         Reflect  +   N - +0 cloak
rCorr    .         Harm     .   g - +0 pair of gloves
MR       ++...                  (no boots)
Stlth    ++........             t - +6 amulet of reflection
HPRegen  0.61/turn              L - ring of protection from magic
MPRegen  0.17/turn              (no ring)

@: no status effects
A: permanent stasis, dig shafts and tunnels, four strong arms, antennae 3, frail
1, regeneration 1, screaming 1, electricity resistance, evolution 1
a: Dig, Shaft Self, Receive Corpses, Torment, Renounce Religion


You were on level 11 of the Dungeon.
You worshipped Kikubaaqudgha.
Kikubaaqudgha was extremely pleased with you.
You were hungry.

You visited 2 branches of the dungeon, and saw 12 of its levels.

You collected 530 gold pieces.
You spent 406 gold pieces at shops.

Inventory:

Hand Weapons
 a - a +4 falchion (weapon)
 b - a +2 dagger of venom
 c - a +0 longbow
 e - a +1 spear
 f - a +1 bardiche
Missiles
 l - a throwing net
 m - 65 sling bullets
 n - 180 arrows
 D - 41 poisoned darts
 R - 287 stones (quivered)
 T - 25 bolts
Armour
 g - a +0 pair of gloves (worn)
 j - a +2 ring mail of fire resistance
 H - the +4 robe of Augmentation (worn) {Str+4 Int+4 Dex+4}
   (You found it on level 10 of the Dungeon)

   It affects your strength (+4).
   It affects your intelligence (+4).
   It affects your dexterity (+4).
 I - the +1 ring mail of Refuge {rPois rC+++ MR- Str+3}
   (You found it on level 9 of the Dungeon)

   It affects your strength (+3).
   It renders you almost immune to cold.
   It protects you from poison.
   It affects your resistance to hostile enchantments.
 N - a +0 cloak (worn)
 P - a +0 buckler (worn)
Jewellery
 t - a +6 amulet of reflection (around neck)
 L - a ring of protection from magic (left hand)
Wands
 k - a wand of clouds (4)
 B - a wand of disintegration (16)
 E - a wand of acid (19)
 U - a wand of iceblast (17)
Scrolls
 i - a scroll of immolation
 o - a scroll of blinking {unknown}
 p - 3 scrolls of fog
 w - 3 scrolls of fear
 x - 3 scrolls of remove curse
 y - a scroll of holy word {unknown}
 z - 9 scrolls of identify
 A - a scroll of random uselessness {unknown}
 C - a scroll of magic mapping
 J - 2 scrolls of enchant armour {unknown}
 Q - 2 scrolls of enchant weapon {unknown}
Potions
 d - a potion of lignification {unknown}
 h - 3 potions of flight
 q - a potion of magic {unknown}
 r - 2 potions of might
 u - 2 potions of heal wounds {unknown}
 F - a potion of cancellation {unknown}
 G - 3 potions of curing
 K - a potion of invisibility
 M - a potion of ambrosia {unknown}
Comestibles
 v - 21 rations


   Skills:
 * Level 4.0 Fighting
 * Level 4.0 Armour
 * Level 3.9 Dodging
 - Level 2.4 Stealth
 * Level 5.5 Shields
 - Level 7.3 Spellcasting
 * Level 6.2 Conjurations
   Level 1.0 Summonings
 * Level 9.9 Necromancy
   Level 0.8 Translocations
 - Level 5.0 Fire Magic
 - Level 5.0 Air Magic


You had 2 spell levels left.
You knew the following spells:

 Your Spells              Type           Power        Failure   Level  Hunger
a - Conjure Flame         Conj/Fire      #####...     1%          3    None
b - Bolt of Draining      Conj/Necr      ######....   6%          5    #####..
c - Magic Dart            Conj           ####         1%          1    None
d - Vampiric Draining     Necr           ######....   1%          3    None
e - Mephitic Cloud        Conj/Pois/Air  ####....     4%          3    None
h - Dispel Undead         Necr           ######..     2%          5    #####..
z - Sublimation of Blood  Necr           ######....   1%          2    None

Your spell library contained the following spells:

 Spells                   Type           Power        Failure   Level  Hunger
 Pain                     Necr           ####         1%          1    None
 Corpse Rot               Necr           N/A          1%          2    None
 Beastly Appendage        Tmut           #.....       6%          1    None
 Call Imp                 Summ           ##......     6%          2    None
 Slow                     Hex            #.......     10%         2    None
 Sticks to Snakes         Tmut           #.......     10%         2    None
 Animate Dead             Necr           N/A          1%          4    ###....
 Spider Form              Tmut/Pois      #.........   19%         3    None
 Excruciating Wounds      Chrm/Necr      #####.....   22%         5    #####..
 Ice Form                 Ice/Tmut       #.......     52%         4    ###....
 Simulacrum               Ice/Necr       #####.....   77%         6    ######.
 Blade Hands              Tmut           #.........   86%         5    #####..
 Blink                    Tloc           Unusable     N/A         2    N/A

Dungeon Overview and Level Annotations

Branches:
Dungeon (11/15)            Temple (1/1) D:5            Lair (0/6) D:10
    Orc: D:9-12

Altars:
Ashenzari
Cheibriados
Dithmenos
Elyvilon
Fedhas
Gozag
Hepliaklqana
Kikubaaqudgha
Makhleb
Nemelex Xobeh
Okawaru
Qazlal
Ru
Sif Muna
Trog
Uskayaw
Vehumet
Wu Jian
Xom
Yredelemnul
Zin
The Shining One

Shops:
D:4 !   D:5 ?=*%   D:7 (

Annotations:
D:11 Snorg


Innate Abilities, Weirdness & Mutations

You cannot be hasted, slowed, berserked, paralysed or teleported.
You can dig through walls and to a lower floor.
Your four strong arms can wield two-handed weapons with a shield.
You have a pair of large antennae on your head. (SInv)
You are frail. (-10% HP)
Your natural rate of healing is unusually fast.
You occasionally shout uncontrollably at your foes.
You are resistant to electric shocks. (rElec)
You evolve.


Message History

Snorg claws you!!
Casting: Conjure Flame (safe; 1% risk of failure)
Confirm with . or Enter, or press ? or * to list all spells.
Aiming: Bolt of Draining (safe; 6% risk of failure)
Press: ? - help, Shift-Dir - straight line, f - Snorg
Aim: Snorg (flame, severely wounded, berserk, fast, unusually strong)
The bolt of negative energy hits Snorg!!
Snorg is drained!
Snorg is severely wounded.
The bolt of negative energy hits the shadow imp.
The shadow imp completely resists.
Snorg is engulfed in blazing flames.
You block Snorg's attack. Snorg barely misses you. You block Snorg's attack.
Snorg is engulfed in blazing flames.
You block Snorg's attack. x2
Snorg claws you!
You die...
Kikubaaqudgha rasps: "You have failed me!
Welcome... death!"

.......
.......##################
.......#.....##..........
......#...........).....
#....#.................
.##....#.....##...##.....
.......#.....##...#######
......5T@....##...#######
!......#.....##....#.....
.....#.#...........+.....
.... ..#...........#.....
... ...#...........#.....
.. ....#.....##########'#
. .....#.....#..........#
....?.#.....#......###.#
#.....'......# #.#


You could see Snorg (berserk) and a shadow imp.

Vanquished Creatures
  A tengu warrior (D:10)
  An ugly thing (D:11)
  A cyclops (D:11)
  Joseph (D:9)
  2 centaur skeletons (D:10)
  A komodo dragon (D:10)
  A troll (D:9)
  2 hippogriffs
  11 yaks (D:10)
  2 wraiths
  A hungry ghost (D:11)
  2 water moccasins
  2 porcupines (D:10)
  2 orc warriors
  4 sky beasts
  2 ice beasts
  8 ogres
  3 phantoms
  3 centaurs
  3 crocodiles (D:10)
  4 big kobolds
  3 bullfrogs
  Blork the orc (D:6)
  A gnoll sergeant (D:9)
  A wyvern skeleton (D:10)
  12 killer bees
  3 scorpions (D:10)
  8 wights
  A howler monkey (D:10)
  3 crimson imps
  2 bullfrog zombies
  A quasit (D:10)
  6 orc priests
  5 hounds
  4 jellies
  4 orc wizards
  A bullfrog skeleton (D:5)
  3 iguanas
  12 worker ants
  A hound zombie (D:7)
  2 hound skeletons
  A howler monkey zombie (D:10)
  A worker ant zombie (D:5)
  6 gnolls
  13 adders
  A shadow imp (D:8)
  2 adder skeletons
  6 worms
  2 dart slugs
  6 leopard geckos
  38 orcs
  4 ball pythons
  6 giant cockroaches
  9 goblins
  10 hobgoblins
  12 jackals
  4 quokkas
  6 bats
  12 frilled lizards
  A jackal skeleton (D:4)
  39 kobolds
  6 rats
  2 butterflies (D:8)
  A plant (D:4)
319 creatures vanquished.

Vanquished Creatures (collateral kills)
  A porcupine (D:10)
1 creature vanquished.

Vanquished Creatures (others)
  A killer bee (D:9)
  An orc (D:11)
  A quokka (D:11)
  A fungus (D:10)
  4 plants (D:4)
8 creatures vanquished.

Grand Total: 328 creatures vanquished

Notes
Turn   | Place    | Note
-------+----------+-------------------------------------------
     0 | D:1      | DildoBatman the Formicid Wizard began the quest for the
                  | Orb.
     0 | D:1      | Reached XP level 1. HP: 13/13 MP: 4/4
    83 | D:1      | Reached skill level 1 in Conjurations
   415 | D:1      | Reached XP level 2. HP: 6/19 MP: 3/6
   971 | D:1      | Reached XP level 3. HP: 20/24 MP: 7/7
   976 | D:1      | Learned a level 3 spell: Conjure Flame
   980 | D:1      | Learned a level 3 spell: Mephitic Cloud
  1715 | D:2      | Reached XP level 4. HP: 22/30 MP: 0/8
  2540 | D:3      | Found a stormy altar of Qazlal.
  2722 | D:3      | Reached XP level 5. HP: 35/35 MP: 5/9
  2929 | D:3      | Found a hide-covered altar of Uskayaw.
  3090 | D:3      | Found an iron altar of Okawaru.
  3199 | D:3      | Found a faded altar of an unknown god.
  3259 | D:3      | Noticed an ogre
  3270 | D:3      | Killed an ogre
  3270 | D:3      | Reached skill level 5 in Conjurations
  3270 | D:3      | Reached XP level 6. HP: 41/41 MP: 0/10
  3780 | D:4      | Found a blossoming altar of Fedhas.
  4147 | D:4      | Reached skill level 1 in Fire Magic
  4147 | D:4      | Reached skill level 1 in Air Magic
  4147 | D:4      | Reached XP level 7. HP: 31/46 MP: 3/11
  4443 | D:4      | Found a burning altar of Makhleb.
  4452 | D:4      | Found Sowos's Distillery.
  4470 | D:4      | Bought a potion of degeneration for 14 gold pieces
  4470 | D:4      | Bought 2 potions of curing for 84 gold pieces
  4718 | D:5      | Entered Level 5 of the Dungeon
  4718 | D:5      | Found Caalaraw's General Store.
  4800 | D:5      | Found Qytwoyco's Food Shoppe.
  4832 | D:5      | Found an ancient bone altar of Kikubaaqudgha.
  4840 | D:5      | Became a worshipper of Kikubaaqudgha
  5512 | D:5      | Found a staircase to the Ecumenical Temple.
  5525 | D:5      | Reached XP level 8. HP: 28/52 MP: 7/12
  5534 | Temple   | Entered the Ecumenical Temple
  5554 | D:5      | Reached * piety under Kikubaaqudgha
  5554 | D:5      | Identified Kikubaaqudgha's Handbook of Sinister Secrets
                  | (Kikubaaqudgha gifted it to you on level 5 of the Dungeon)
  5554 | D:5      | Received a gift from Kikubaaqudgha
  5559 | D:5      | Learned a level 2 spell: Sublimation of Blood
  5563 | D:5      | Learned a level 3 spell: Vampiric Draining
  5749 | D:5      | Found Faresch's Jewellery Shoppe.
  5892 | D:5      | Found Wohoan's Magic Scroll Boutique.
  5899 | D:5      | Bought a scroll of fear for 42 gold pieces
  6314 | D:6      | Reached skill level 5 in Fire Magic
  6528 | D:6      | Reached skill level 1 in Necromancy
  6627 | D:6      | Reached XP level 9. HP: 50/57 MP: 7/13
  6642 | D:6      | Noticed Blork the orc
  6645 | D:6      | Reached skill level 2 in Necromancy
  6675 | D:6      | Killed Blork the orc
  6810 | D:6      | Reached ** piety under Kikubaaqudgha
  6810 | D:6      | Reached skill level 5 in Air Magic
  6924 | D:6      | Reached skill level 3 in Necromancy
  7028 | D:6      | Reached skill level 4 in Necromancy
  7175 | D:7      | Found Sirahod's Antique Weapon Shoppe.
  7382 | D:7      | Reached skill level 5 in Necromancy
  7409 | D:7      | Found an opulent altar of Gozag.
  7555 | D:7      | Reached skill level 6 in Necromancy
  8360 | D:8      | Found a bloodstained altar of Trog.
  8378 | D:8      | Reached skill level 7 in Necromancy
  8381 | D:8      | Reached *** piety under Kikubaaqudgha
  8381 | D:8      | Identified Kikubaaqudgha's Papyrus of Black Rituals
                  | (Kikubaaqudgha gifted it to you on level 8 of the Dungeon)
  8381 | D:8      | Received a gift from Kikubaaqudgha
  8389 | D:8      | Noticed a hippogriff
  8401 | D:8      | Killed a hippogriff
  8401 | D:8      | Reached XP level 10. HP: 22/63 MP: 2/15
  8536 | D:8      | Reached skill level 8 in Necromancy
  8558 | D:7      | Learned a level 5 spell: Dispel Undead
  8635 | D:8      | Found a shadowy altar of Dithmenos.
  8712 | D:8      | Found an ancient bone altar of Kikubaaqudgha.
  9035 | D:8      | Reached skill level 5 in Spellcasting
  9155 | D:8      | Found a shimmering altar of Xom.
  9555 | D:9      | Got a slimy ring mail
  9560 | D:9      | Noticed Joseph
  9566 | D:9      | Identified the +1 ring mail of Refuge {rPois rC+++ MR-
                  | Str+3} (You found it on level 9 of the Dungeon)
  9638 | D:9      | Killed Joseph
  9638 | D:9      | Reached skill level 9 in Necromancy
  9741 | D:9      | Reached **** piety under Kikubaaqudgha
  9861 | D:9      | Found a glowing silver altar of Zin.
 10133 | D:9      | Found a hazy altar of Hepliaklqana.
 10395 | D:9      | Reached skill level 1 in Shields
 10451 | D:9      | Learned a level 5 spell: Bolt of Draining
 10545 | D:5      | Bought a scroll of magic mapping for 42 gold pieces
 10581 | D:4      | Bought 2 potions of mutation for 224 gold pieces
 10581 | D:4      | Gained mutation: Your spells are a little harder to cast,
                  | but a little more powerful. [potion of mutation]
 10581 | D:4      | Gained mutation: You are frail. (-10% HP) [potion of
                  | mutation]
 10581 | D:4      | Lost mutation: Your spells are a little harder to cast, but
                  | a little more powerful. [potion of mutation]
 10581 | D:4      | Gained mutation: You are partially covered in molten
                  | scales. (AC +2) [potion of mutation]
 10582 | D:4      | Lost mutation: You are frail. (-10% HP) [potion of
                  | mutation]
 10582 | D:4      | Lost mutation: You are partially covered in molten scales.
                  | (AC +2) [potion of mutation]
 10582 | D:4      | Gained mutation: You are resistant to electric shocks.
                  | (rElec) [potion of mutation]
 10582 | D:4      | Gained mutation: Your natural rate of healing is unusually
                  | fast. [potion of mutation]
 10582 | D:4      | Gained mutation: You are frail. (-10% HP) [potion of
                  | mutation]
 10582 | D:4      | Gained mutation: You evolve. [potion of mutation]
 10703 | D:10     | Entered Level 10 of the Dungeon
 10878 | D:10     | Gained mutation: You occasionally shout uncontrollably at
                  | your foes. [evolution]
 10887 | D:10     | Reached XP level 11. HP: 62/62 MP: 11/21
 10933 | D:10     | Reached skill level 1 in Fighting
 10933 | D:10     | Reached skill level 1 in Armour
 10963 | D:10     | Noticed a tengu warrior
 10993 | D:10     | Killed a tengu warrior
 11041 | D:10     | Found a staircase to the Lair.
 11301 | D:10     | Reached ***** piety under Kikubaaqudgha
 11341 | D:10     | Found the +4 robe of Augmentation {Str+4 Int+4 Dex+4}
 11485 | D:10     | Reached skill level 5 in Shields
 11926 | D:11     | Noticed a cyclops
 11927 | D:11     | Noticed a red ugly thing
 11936 | D:11     | Killed a red ugly thing
 12049 | D:11     | Killed a cyclops
 12181 | D:11     | Noticed Snorg
 12193 | D:11     | Slain by Snorg

Levels and vault maps discovered:
D:1:      dpeg_arrival_long_road, layout_loops_cross, st_stairs_12,
          minmay_lizard_king
D:2:      layout_loops_ring, first_ration
D:3:      layout_loops_ring, okawaru_ov_weapons_minmay,
          eat_drink_and_be_merry_uskayaw, chequers_ecumenical_altar_grove,
          serial_park_tiny_2, grunt_qazlal_sundering
D:4:      kennysheep_kobold_camp, layout_rooms, old_standard_altar,
          nicolae_overflow_hidden_temple, serial_shops, shop
D:5:      layout_cave_pools, kiku_gazebo_pond_becter,
          minmay_temple_entry_drinking_statues, serial_shops, shop, shop,
          nicolae_shop_statue_plus, kennysheep_mini_moat
D:6:      layout_cave_pools, minmay_misc_feat_rows, uniq_blork_the_orc
D:7:      layout_loops_ring, grunt_gozag_breadcrumbs, serial_shops, shop
D:8:      minmay_ornate_pinched, layout_basic, bloody_trog, xom_butterflies,
          grunt_dithmenos_smoke_and_mirrors, basic_altar
D:9:      layout_irregular_city, zin_statuary, basic_altar, uniq_joseph
D:10:     layout_basic, minmay_lair_entry_grove, grunt_tengu_nest,
          kennysheep_pointless_box
D:11:     layout_stronghold, elyvilon_altar_4, uniq_grum, uniq_snorg, uniq_urug,
          uniq_josephine, uniq_nergalle
Temple:   nicolae_temple_no_exploring_needed

Skill      XL: |  1  2  3  4  5  6  7  8  9 10 11 |
---------------+----------------------------------+-----
Conjurations   | 1 2 3 4 5 6 |  6.2
Fire Magic     | 1 3 5 |  5.0
Air Magic      | 1 2 4 5 |  5.0
Necromancy     | 1 7 9 |  9.9
Spellcasting   | 7 |  7.3
Shields        | 3 5 |  5.5
Dodging        | 3 |  3.9
Fighting       | 4 |  4.0
Armour         | 4 |  4.0
Stealth        | |  2.4
Summonings     | |  1.0
Translocations | |  0.8

Action                   |  1- 3 |  4- 6 |  7- 9 | 10-12 || total
-------------------------+-------+-------+-------+-------++-------
Melee: Club              |     6 |       |       |       ||     6
       Unarmed           |     4 |       |       |       ||     4
       Short sword       |    29 |     9 |       |       ||    38
       Dagger            |       |    20 |   185 |   260 ||   465
       Spear             |       |       |   170 |    61 ||   231
       Trident           |       |       |    23 |       ||    23
       Falchion          |       |       |     3 |    74 ||    77
 Fire: Shortbow          |       |       |    22 |       ||    22
 Cast: Magic Dart        |    83 |   106 |   113 |    22 ||   324
       Mephitic Cloud    |       |     4 |    34 |    44 ||    82
       Conjure Flame     |       |     2 |    27 |    24 ||    53
       Dispel Undead     |       |       |       |     7 ||     7
       Sublimation of Bl |       |       |       |     5 ||     5
       Bolt of Draining  |       |       |       |     7 ||     7
 Abil: Dig               |       |     3 |     8 |     8 ||    19
  Use: Potion            |     2 |       |     6 |     2 ||    10
       Scroll            |       |     6 |     2 |     1 ||     9
 Stab: Confused          |       |     2 |     9 |    15 ||    26
       Sleeping          |       |       |     1 |     1 ||     2
  Eat: Chunk             |     2 |     9 |    19 |    19 ||    49
Armor: Robe              |    12 |     6 |    25 |    13 ||    56
       Ring mail         |       |       |       |    55 ||    55
Dodge: Dodged            |    42 |    22 |   116 |   134 ||   314
Block: Other             |       |       |       |    28 ||    28
       Buckler           |       |       |       |   105 ||   105
       Reflection        |       |       |       |     4 ||     4
       Rpst.: Falchion   |       |       |       |    14 ||    14
